Map: Ruins of Seras

Players

lesha - Winner!

  • Race: Terran Terran

A.I. 1 (Elite)

  • Race: Terran Terran

VOD

Have the link to the VOD?

Description

Time

  • Played on: Dec. 5, 2015, 9:47 p.m.
  • Length: 18:01
Show
View Real Time Build Order
Export as new Build Order

lesha Terran - Winner!

Build Orders: MMM Bio 

Get SALT Encoding   

  12  0:01  SCV  
  13  0:13  SCV  
  14  0:18  Supply Depot  
  14  0:26  SCV  
  15  0:40  SCV  
  15  0:42  Barracks  
  16  0:52  SCV  
  17  1:04  SCV  
  18  1:17  Command Center  
  18  1:21  SCV  
  19  1:34  Orbital Command  
  19  1:37  Refinery  
  19  1:42  Marine  
  20  1:50  Refinery  
  20  2:00  Marine  
  21  2:09  Supply Depot  
  21  2:10  SCV  
  21  2:19  Marine  
  22  2:25  SCV  
  23  2:33  Factory  
  23  2:37  SCV  
  23  2:39  Bunker, Orbital Command  
  24  2:46  Marine  
  24  2:49  SCV  
  26  3:01  SCV  
  27  3:08  SCV  
  28  3:13  SCV  
  28  3:17  Marine  
  30  3:21  SCV, Starport, Factory Tech Lab  
  31  3:28  Supply Depot  
  31  3:29  SCV  
  31  3:33  SCV  
  33  3:40  Barracks  
  33  3:41  SCV  
  33  3:45  SCV  
  33  3:47  Marine  
  36  3:59  SCV x2  
  36  4:01  Bunker  
  38  4:04  Medivac  
  40  4:11  SCV x2  
  42  4:22  Siege Tank  
  42  4:23  SCV x2  
  47  4:29  Barracks Tech Lab  
  47  4:32  Marine  
  48  4:43  Starport Reactor  
  48  4:51  Barracks Reactor, Barracks  
  48  4:54  Marauder  
  48  4:56  Siege Tank  
  53  5:03  SCV  
  54  5:14  Supply Depot  
  54  5:19  Supply Depot  
  54  5:23  Engineering Bay x2  
  54  5:35  SCV x2, Viking x2  
  54  5:38  Barracks  
  54  5:42  Supply Depot  
  60  5:45  Marine  
  60  5:47  Marauder, Marine  
  60  5:48  SCV x2  
  66  6:00  SCV  
  67  6:05  Missile Turret  
  67  6:09  Missile Turret  
  67  6:12  Missile Turret  
  67  6:18  Missile Turret  
  67  6:31  Barracks Reactor  
  67  6:32  Barracks Reactor  
  67  6:37  Terran Infantry Weapons Level 1, Terran Infantry Armor Level 1  
  67  6:39  Stimpack  
  67  6:43  Marine x2  
  67  6:44  Marauder  
  71  6:59  SCV x2  
  73  7:06  Missile Turret  
  73  7:07  Command Center, Siege Tank  
  76  7:10  Marine x2  
  78  7:20  Supply Depot  
  78  7:21  Supply Depot x2  
  78  7:28  Barracks  
  78  7:33  Barracks  
  78  7:34  Armory  
  78  7:35  Barracks  
  78  7:42  Marauder, SCV, Medivac, Marine x6  
  78  7:43  SCV  
  90  7:54  SCV  
  90  7:55  SCV  
  92  8:00  Marine x2  
  92  8:04  Marauder  
  96  8:08  Command Center  
  96  8:11  Marine x4  
  100  8:14  Command Center, Medivac  
  100  8:19  Marine x2  
  104  8:25  Supply Depot, Marauder  
  106  8:28  Marine  
  106  8:29  Marine x2  
  106  8:30  Supply Depot  
  106  8:31  Supply Depot  
  109  8:40  Combat Shields  
  109  8:46  Marauder  
  102  9:19  Terran Infantry Weapons Level 2  
  102  9:28  Marine  
  102  9:29  Refinery, Marine x5  
  102  9:30  Marauder  
  110  9:34  Refinery  
  110  9:39  Supply Depot  
  110  9:43  Orbital Command  
  110  9:46  Marine x3  
  110  9:47  Marine x3  
  110  9:51  Marauder, Medivac x2  
  122  10:04  Marine x4  
  122  10:05  Refinery  
  126  10:07  Orbital Command  
  126  10:08  Refinery  
  126  10:23  Barracks Reactor x2  
  126  10:30  Marine x6  
  126  10:31  Barracks Tech Lab, Marauder  
  126  10:33  Medivac x2  
  138  10:37  Orbital Command  
  138  10:53  Marauder  
  138  10:55  Marine x2  
  138  10:56  Marine x5  
  147  11:02  Medivac  
  147  11:03  Medivac  
  151  11:05  Marine x4  
  151  11:10  Terran Infantry Armor Level 2  
  155  11:13  Marine x4  
  155  11:14  Marauder x2, Marine x2  
  165  11:23  Marine x4  
  169  11:31  Marine x5  
  169  11:32  Marine  
  175  11:35  Marine x2  
  153  12:04  Orbital Command  
  152  12:10  Marine x5  
  152  12:11  Marine x5  
  152  12:12  Marauder  
  164  12:19  Supply Depot  
  164  12:20  Supply Depot  
  164  12:21  Supply Depot  
  164  12:41  Marine x4  
  164  12:42  Marauder x2  
  172  12:45  Marine x5  
  172  12:46  Marine  
  178  12:52  Missile Turret  
  178  12:57  Medivac  
  180  12:59  Missile Turret  
  180  13:00  Terran Infantry Weapons Level 3  
  180  13:08  Supply Depot  
  180  13:30  Medivac x2, Marine x3  
  187  13:44  Command Center  
  187  13:47  Starport  
  187  13:52  Marauder x2  
  183  14:00  Medivac  
  171  14:13  Marauder x2  
  171  14:16  Marine x5  
  171  14:17  Marine  
  178  14:20  Marine x4  
  183  14:25  Terran Infantry Armor Level 3  
  183  14:34  Marine x2  
  183  14:35  Marauder  
  183  14:37  Marauder  
  182  14:54  Marine x6  
  182  14:56  Marauder, Marine  
  182  14:57  Starport Tech Lab  
  182  14:59  Marauder  
  193  15:01  Medivac x2  
  183  15:24  Raven  
  178  16:17  Marine x3  
  178  16:18  Marauder x2, Marine  
  184  16:19  Medivac x2  
  184  16:20  Raven  
  184  16:22  Marine x4  
Show
View Real Time Build Order
Export as new Build Order

A.I. 1 (Elite) Terran 

Build Orders: 1/1/1, Bio Tank, Banshee Rush 

Get SALT Encoding   

  12  0:00  SCV  
  13  0:13  SCV  
  14  0:20  Supply Depot  
  14  0:25  SCV  
  15  0:29  Refinery  
  15  0:42  SCV  
  16  0:48  Barracks  
  16  0:54  SCV  
  17  0:59  Refinery  
  17  1:06  SCV  
  18  1:18  SCV  
  19  1:39  Factory, Orbital Command  
  19  1:40  Marine  
  20  1:58  Marine  
  21  2:01  Supply Depot  
  21  2:05  SCV  
  22  2:27  Starport  
  22  2:28  SCV  
  22  2:29  Starport  
  23  2:41  SCV  
  24  2:45  Supply Depot  
  24  2:53  SCV  
  25  3:04  Starport Tech Lab  
  25  3:06  Starport Tech Lab  
  25  3:18  SCV  
  26  3:21  Marine  
  26  3:22  Cloaking Field  
  26  3:23  Banshee  
  26  3:24  Banshee  
  33  3:28  Supply Depot  
  33  3:30  SCV  
  34  3:39  Marine  
  35  3:42  SCV  
  36  3:55  SCV  
  37  3:57  Marine  
  37  4:00  Factory Tech Lab, Barracks  
  38  4:06  Banshee  
  41  4:14  Marine  
  42  4:19  Siege Tank  
  45  4:32  Marine  
  45  4:36  Command Center  
  46  4:45  Supply Depot  
  46  4:47  Marine  
  47  5:05  Barracks Tech Lab  
  47  5:06  Marine  
  48  5:09  Barracks  
  48  5:14  Supply Depot  
  48  5:23  Marine  
  48  5:24  Barracks Reactor  
  48  5:25  Stimpack  
  49  5:39  Siege Tank  
  49  5:42  Marauder  
  54  5:46  Supply Depot  
  54  5:49  SCV  
  55  5:50  SCV  
  55  5:56  Marine  
  57  6:00  Marine  
  57  6:01  SCV  
  57  6:02  SCV  
  57  6:03  Marauder  
  62  6:13  SCV  
  62  6:14  SCV  
  62  6:15  Barracks Tech Lab  
  64  6:24  Marauder  
  64  6:25  SCV  
  67  6:29  Engineering Bay  
  67  6:31  SCV  
  67  6:32  Combat Shields  
  68  6:33  Marauder  
  68  6:39  Command Center  
  70  6:46  Marauder  
  72  6:48  SCV  
  72  6:50  SCV  
  74  6:56  Marauder  
  74  6:57  Terran Infantry Weapons Level 1  
  74  7:00  SCV  
  77  7:04  SCV  
  77  7:05  Supply Depot  
  77  7:07  Marauder  
  80  7:13  SCV  
  81  7:16  SCV  
  81  7:18  Marauder  
  84  7:25  SCV, Engineering Bay, Concussive Shells  
  84  7:26  Marine  
  84  7:28  SCV  
  87  7:30  Supply Depot  
  87  7:33  Marine  
  88  7:37  SCV, Marauder  
  88  7:41  Marauder  
  93  7:50  SCV, Siege Tank  
  93  7:51  Terran Infantry Armor Level 1, SCV x2  
  99  8:03  SCV x2  
  101  8:07  SCV  
  101  8:09  Supply Depot  
  102  8:15  SCV x2  
  102  8:19  SCV  
  105  8:20  Missile Turret  
  105  8:22  Siege Tank  
  105  8:25  Missile Turret  
  108  8:27  SCV, Missile Turret  
  108  8:28  SCV  
  108  8:31  SCV  
  108  8:34  Missile Turret  
  111  8:35  Supply Depot  
  111  8:39  SCV  
  111  8:41  SCV  
  105  8:43  SCV, Marine  
  105  8:44  Barracks  
  105  8:45  Marine  
  105  8:46  Marine  
  105  8:47  Marine  
  86  8:53  Orbital Command  
  86  8:54  SCV  
  78  8:55  SCV  
  78  9:01  Marine  
  80  9:02  Marine  
  80  9:04  Marine  
  80  9:06  SCV, Marauder  
  85  9:12  Siege Tank  
  85  9:15  Refinery  
  88  9:19  Marine  
  88  9:20  Marine  
  88  9:21  Marine  
  88  9:22  Refinery  
  88  9:24  Refinery  
  91  9:27  Marauder  
  91  9:31  Refinery, Marine  
  93  9:37  Marine  
  95  9:40  Marauder  
  95  9:44  Siege Tank  
  95  9:45  SCV, Viking  
  103  9:47  SCV x2  
  103  9:49  Marauder  
  107  9:53  Viking  
  107  9:57  SCV, Liberator  
  107  9:59  SCV x2  
  112  10:01  Supply Depot, Marauder  
  114  10:09  Marine  
  114  10:10  Marauder, Marine  
  118  10:16  Siege Tank  
  118  10:20  Orbital Command  
  124  10:23  Viking, Marauder  
  124  10:25  Supply Depot  
  124  10:26  Command Center  
  128  10:31  Marauder  
  130  10:36  Liberator  
  130  10:40  Liberator  
  130  10:42  Marine  
  130  10:43  Marine  
  130  10:44  Marauder  
  130  10:45  Armory  
  130  10:48  Siege Tank  
  137  10:50  Supply Depot  
  143  11:07  Missile Turret  
  143  11:12  Armory  
  143  11:17  Supply Depot  
  143  11:20  Missile Turret, Marauder  
  143  11:21  Missile Turret, Marauder  
  143  11:22  Widow Mine  
  149  11:32  Terran Vehicle Weapons Level 1  
  149  11:34  Terran Infantry Weapons Level 2  
  149  11:36  Medivac  
  149  11:39  SCV x2  
  153  11:40  Medivac  
  153  11:46  Marine x3  
  156  11:48  Marine  
  156  11:51  Planetary Fortress, Refinery, Widow Mine  
  156  11:52  Command Center  
  144  11:54  Missile Turret  
  144  11:56  Marine  
  144  11:59  Terran Vehicle And Ship Armor Level 1, Missile Turret  
  129  12:02  Missile Turret  
  129  12:04  Missile Turret, Marine x3  
  129  12:06  Supply Depot, Marauder  
  116  12:13  Marine  
  105  12:20  Siege Tank  
  105  12:22  Marine x3  
  111  12:28  Marauder  
  113  12:31  Marine  
  113  12:35  Viking  
  116  12:38  Viking  
  116  12:39  Marine x2  
  116  12:40  Marauder  
  122  12:48  Marine  
  122  12:49  Marine  
  124  12:52  Siege Tank  
  124  12:57  Marine x2  
  129  13:01  Marine  
  129  13:02  Refinery  
  129  13:04  Missile Turret, Medivac  
  132  13:07  Marauder  
  132  13:08  Viking  
  136  13:17  Refinery  
  136  13:19  Marauder  
  138  13:20  Planetary Fortress, Refinery  
  138  13:22  Missile Turret  
  138  13:24  Siege Tank  
  141  13:28  Marauder  
  141  13:30  Missile Turret  
  141  13:32  Missile Turret  
  143  13:34  Viking  
  143  13:38  Viking  
  143  13:41  Marauder  
  149  13:49  Marauder  
  149  13:53  SCV  
  149  13:54  Marine  
  149  13:55  Marine x2  
  144  13:56  Siege Tank, Missile Turret  
  144  14:02  Marauder  
  100  14:04  Medivac  
  100  14:08  Viking  
  100  14:10  Marine  
  100  14:12  Marine x2  
  100  14:13  Marine  
  100  14:15  SCV x2  
  103  14:23  SCV, Marine  
  88  14:25  SCV  
  88  14:28  SCV x2, Siege Tank  
  88  14:29  Marauder  
  88  14:30  Marine x2  
  98  14:33  Marine  
  98  14:34  Raven  
  98  14:35  SCV  
  98  14:38  Viking  
  101  14:40  SCV x2  
  101  14:41  Marauder  
  101  14:42  SCV  
  94  14:47  SCV  
  94  14:48  Marine x2  
  94  14:50  Marine, Marauder  
  94  14:52  SCV  
  93  14:55  SCV  
  94  15:00  Siege Tank  
  94  15:02  SCV  
  94  15:03  Marauder  
  94  15:04  SCV  
  94  15:06  Marine x2  
  98  15:07  Command Center  
  98  15:08  Marine  
  66  15:23  Marine  
  66  15:24  SCV, Marine  
  66  15:26  Marine  
  63  15:29  SCV  
  63  15:30  SCV  
  57  15:41  SCV, Marine  
  57  15:42  SCV  
  51  15:44  Marine  
  49  15:53  SCV  
  49  15:54  Command Center, SCV  
  49  16:02  Supply Depot  
  46  16:18  SCV  
  46  16:20  SCV x2  
  49  16:29  Command Center  
  49  16:30  SCV  
  49  16:31  Barracks  
  49  16:32  SCV, Supply Depot  
  50  16:48  SCV  
  40  16:55  Supply Depot  
  37  17:08  SCV  
  33  17:17  Command Center  
  33  17:18  Marine  
  33  17:20  SCV  
  30  17:27  Barracks  
  30  17:32  SCV  
  30  17:36  Marine  
  31  17:38  Factory  
Tags
 
Composition
Bio TankMMM Bio
Matchup
TvT
Opening
1/1/1
Race
Terran
Strategy
Banshee Rush
Add a new tag
Caveats
  • Supply blocks, unpowered buildings, or Contaminate may cause inaccurate times.
  • Supply counts are checked every 10 seconds.